 Dungeon Crawl Stone Soup version 0.17.0-28-g6e173f8 (webtiles) character file.

2692 gorblad the Skirmisher (level 9, -3/74 HPs)
             Began as a Demonspawn Assassin on Nov 30, 2015.
             Slain by a killer bee (5 damage)
             ... on level 8 of the Dungeon.
             The game lasted 00:22:01 (5376 turns).

gorblad the Skirmisher (Demonspawn Assassin)        Turns: 5376, Time: 00:22:01

Health: -3/74      AC: 18    Str: 17    XL:     9   Next: 38%
Magic:  0/9        EV: 10    Int: 15    God:
Gold:   355        SH:  9    Dex: 18    Spells: 0 memorised, 8 levels left

rFire  x . .     SeeInvis .     u - +2 short sword (venom)
rCold  + . .     Clarity  .     q - +3 ring mail of the Lost Stars {rPois rF- Regen+ Int+3}
rNeg   . . .     SustAt   .     x - +0 shield
rPois  +         Gourm    .     h - +1 helmet
rElec  .         Spirit   +     d - +1 cloak
rCorr  .         Warding  .     k - +1 pair of gloves
rMut   .         Stasis   .     (no boots)
MR     .....                    (no amulet)
Stlth  +++.......               (no ring)
                                (no ring)

@: mighty, lethally poisoned (-3 -> -5), exhausted, slowed, very slow, not
resistant to hostile enchantments, fairly stealthy
A: claws 2, iridescent scales 1, cold resistance 1, magic shield, freezing cloud
immunity
a: no special abilities


You were on level 8 of the Dungeon.
You were hungry.

You visited 1 branch of the dungeon, and saw 8 of its levels.
You also visited: Ossuary.

You collected 355 gold pieces.

Inventory:

Hand Weapons
 a - a +2 dagger
 b - a +0 blowgun
 u - a +2 short sword of venom (weapon)
Missiles
 e - 52 poisoned needles
 f - 2 curare-tipped needles
 l - 4 needles of paralysis
Armour
 c - a +0 robe
 d - a +1 cloak (worn)
 h - a +1 helmet (worn)
 j - a +0 robe
 k - a +1 pair of gloves (worn)
 q - the +3 ring mail of the Lost Stars (worn) {rPois rF- Regen+ Int+3}
   (You found it on level 4 of the Dungeon)

   It affects your intelligence (+3).
   It makes you vulnerable to fire.
   It protects you from poison.
   It increases your rate of regeneration.
 x - a +0 shield (worn)
 H - a +0 pair of gloves
Wands
 p - a wand of disintegration (11)
 y - a wand of magic darts (20)
 F - a wand of fireball (9)
Scrolls
 i - 3 scrolls of teleportation
 o - a scroll of magic mapping
 t - 2 scrolls of remove curse
 A - a scroll of amnesia
 B - a scroll of recharging {unknown}
Potions
 r - a potion of cancellation
 s - 2 potions of flight
 v - 2 potions of haste
 D - 2 potions of brilliance
Books
 z - a book of Annihilations

   Spells                             Type                      Level
   a - Poison Arrow                   Conjuration/Poison           6
   b - Chain Lightning                Conjuration/Air              8
   c - Lehudib's Crystal Spear        Conjuration/Earth            8
   d - Glaciate                       Conjuration/Ice              9
   e - Fire Storm                     Conjuration/Fire             9
 C - Sif Muna's Grimoire of Stolen Souls
   (You found it on level 6 of the Dungeon)

   Spells                             Type                      Level
   a - Pain                           Necromancy                   1
Comestibles
 g - 7 bread rations
 n - 5 meat rations
 E - 3 chunks of flesh


   Skills:
 - Level 7.8 Fighting
 - Level 7.2 Short Blades
 - Level 1.7 Throwing
 + Level 3.1 Dodging
 - Level 6.0 Stealth
 + Level 3.1 Shields


You had 8 spell levels left.
You didn't know any spells.

Dungeon Overview and Level Annotations

Branches:
Dungeon (8/15)             Temple (0/1) D:4
   Lair: D:8-11

Altars:
Cheibriados
Kikubaaqudgha
Makhleb
Nemelex Xobeh
Okawaru
Sif Muna
Vehumet
Xom
Zin

Shops:
D:5 (

Annotations:
D:3 1 runed door


Innate Abilities, Weirdness & Mutations

You have very sharp fingernails.
You are partially covered in iridescent scales (AC +4).
Your flesh is cold resistant.
When hurt, damage is shared between your health and your magic reserves.
You are immune to freezing clouds.


Message History

You block the killer bee's attack. x2
A killer bee comes into view.
The killer bee stings you but does no damage.
You block the killer bee's attack. The killer bee stings you.
* * * LOW HITPOINT WARNING * * *
You block the killer bee's attack. The killer bee stings you.
* * * LOW HITPOINT WARNING * * *
You are lethally poisoned!
The killer bee poisons you!
Unknown command.
Unknown command.
Unknown command.
Unknown command.
Unknown command.
You are too injured to fight recklessly!
* * * LOW HITPOINT WARNING * * *
You feel sick. The killer bee barely misses you.
You block the killer bee's attack. The killer bee closely misses you.
The killer bee stings you.
You die...

##.##.#.#### .y##
#.....y# .#y# ######y#
##.# # ## #.####### #%
. ..# #.y...... # #.#
#Z..#.### #.# #yy...#
#.# ####yyc### #.#
#...@...# ####.#####
#.#.....# #........#
#.#.....# #.##.###.#
#.#.....# #.##.# #.#
#.......# #.##.# #.#
###...[.## #....# #.#
#.......#
##...####.####.#...#.#
......................+


You could see a queen bee, a centaur, 6 killer bees and a hound zombie.

Vanquished Creatures
  Prince Ribbit (D:8)
  A deep elf fighter (D:7)
  Duvessa (D:5)
  3 orc warriors
  A centaur (D:5)
  2 phantoms
  4 giant frogs
  Blork the orc (D:5)
  A gnoll sergeant (D:7)
  Dowan (D:5)
  2 scorpions
  10 killer bees
  A wight (D:7)
  3 crimson imps
  2 hounds
  4 orc wizards
  2 orc priests
  Jessica (D:3)
  2 centaur skeletons
  A giant frog skeleton (D:4)
  2 iguanas
  2 worker ants
  A hound zombie (D:4)
  A mummy (D:4)
  A worker ant zombie (D:5)
  6 adders
  2 shadow imps
  An adder zombie (D:6)
  2 worms
  3 giant geckos
  8 orcs
  2 giant cockroaches
  6 goblins
  3 hobgoblins
  2 jackals (D:4)
  8 kobolds
  2 quokkas
  A ball python skeleton (D:5)
  7 bats
  A giant gecko skeleton (D:6)
  3 giant newts
  2 hobgoblin zombies (Ossuary)
  A jackal skeleton (D:5)
  A kobold zombie (Ossuary)
  3 rats
115 creatures vanquished.

Notes
Turn   | Place    | Note
--------------------------------------------------------------
     0 | D:1      | gorblad the Demonspawn Assassin began the quest for the Orb.
     0 | D:1      | Reached XP level 1. HP: 16/16 MP: 1/1
   245 | D:1      | Reached skill level 4 in Stealth
   271 | D:1      | Gained mutation: You are partially covered in iridescent scales (AC +4). [demonic ancestry]
   271 | D:1      | Reached XP level 2. HP: 16/22 MP: 2/2
   551 | D:2      | Found a sparkling altar of Nemelex Xobeh.
   594 | D:2      | Found a burning altar of Makhleb.
   824 | D:2      | Reached XP level 3. HP: 25/27 MP: 3/3
  1130 | D:3      | Found a runed door.
  1130 | D:3      | Found a glowing silver altar of Zin.
  1130 | D:3      | Noticed an angel
  1154 | D:3      | Noticed Jessica
  1163 | D:3      | Killed Jessica
  1163 | D:3      | Reached skill level 5 in Stealth
  1646 | D:4      | Found a sand-covered staircase.
  1654 | D:4      | Gained mutation: When hurt, damage is shared between your health and your magic reserves. [demonic ancestry]
  1654 | D:4      | Reached XP level 4. HP: 29/33 MP: 4/4
  1697 | Ossuary  | Entered an ossuary
  1989 | D:4      | Reached skill level 6 in Stealth
  2052 | D:4      | Gained mutation: Your flesh is cold resistant. [demonic ancestry]
  2052 | D:4      | Reached XP level 5. HP: 29/38 MP: 5/5
  2086 | D:4      | Got a faintly humming ring mail
  2097 | D:4      | Identified the +3 ring mail of the Lost Stars {rPois rF- Regen+ Int+3} (You found it on level 4 of the Dungeon)
  2104 | D:4      | Found a staircase to the Ecumenical Temple.
  2227 | D:4      | Found a shimmering altar of Xom.
  2228 | D:4      | Found a shimmering altar of Xom.
  2229 | D:4      | Found a shimmering altar of Xom.
  2229 | D:4      | Found a shimmering altar of Xom.
  2229 | D:4      | Found a shimmering altar of Xom.
  2230 | D:4      | Found a shimmering altar of Xom.
  2233 | D:4      | You fall through a shaft for 2 floors!
  2399 | D:6      | Noticed a phantom
  2466 | D:6      | Killed a phantom
  2466 | D:6      | Gained mutation: You have sharp fingernails. [demonic ancestry]
  2466 | D:6      | Reached XP level 6. HP: 47/47 MP: 6/6
  2575 | D:5      | Entered Level 5 of the Dungeon
  2586 | D:5      | Noticed Duvessa
  2586 | D:5      | Noticed Dowan
  2596 | D:5      | Killed Duvessa
  2596 | D:5      | Gained mutation: You have very sharp fingernails. [demonic ancestry]
  2596 | D:5      | Reached XP level 7. HP: 53/55 MP: 7/7
  2602 | D:5      | Killed Dowan
  2690 | D:5      | Noticed Blork the orc
  2702 | D:5      | Killed Blork the orc
  2788 | D:5      | Found Ceomyvisch's Weapon Emporium.
  2804 | D:5      | Found an ancient bone altar of Kikubaaqudgha.
  2870 | D:5      | Found a radiant altar of Vehumet.
  2911 | D:5      | Reached skill level 5 in Fighting
  3007 | D:5      | Reached skill level 5 in Short Blades
  3556 | D:6      | Noticed an orc warrior
  3613 | D:6      | Killed an orc warrior
  3613 | D:6      | Gained mutation: You are immune to freezing clouds. [demonic ancestry]
  3613 | D:6      | Reached XP level 8. HP: 42/64 MP: 5/8
  3718 | D:6      | Found a deep blue altar of Sif Muna.
  3746 | D:6      | Identified Sif Muna's Grimoire of Stolen Souls (You found it on level 6 of the Dungeon)
  3776 | D:6      | Found a snail-covered altar of Cheibriados.
  4289 | D:7      | Found an iron altar of Okawaru.
  4347 | D:7      | Reached skill level 7 in Fighting
  5196 | D:7      | Reached XP level 9. HP: 34/74 MP: 5/9
  5288 | D:8      | Reached skill level 1 in Dodging
  5309 | D:8      | Noticed Prince Ribbit
  5318 | D:8      | Noticed a queen bee
  5334 | D:8      | Reached skill level 1 in Shields
  5362 | D:8      | Killed Prince Ribbit
  5375 | D:8      | HP: 3/74 [killer bee (4)]
  5376 | D:8      | Slain by a killer bee

Action                   |  1- 3 |  4- 6 |  7- 9 || total
-------------------------+-------+-------+-------++-------
Melee: Dagger            |   107 |    85 |       ||   192
       Short sword       |       |    71 |   345 ||   416
  Use: Scroll            |    11 |     2 |     8 ||    21
       Potion            |       |     5 |     6 ||    11
 Stab: Sleeping          |     7 |     3 |     7 ||    17
       Distracted        |     1 |       |       ||     1
  Eat: Chunk             |     1 |       |     3 ||     4
       Bread ration      |     1 |       |       ||     1
       Meat ration       |       |       |     1 ||     1
       Beef jerky        |       |       |     1 ||     1
